Map: Purity and Industry LE

Players

valshmel - Winner!

  • Race: Terran Terran
  • Spawn Location: 12:00

Massa

  • Race: Terran Terran
  • League: Gold
  • Spawn Location: 3:00

VOD

Have the link to the VOD?

Description

Time

  • Played on: May 10, 2020, 2:44 p.m.
  • Length: 10:10
Show
View Real Time Build Order
Export as new Build Order

valshmel Terran - Winner!

Build Orders:  

Get SALT Encoding   

  12  0:03  SCV  
  13  0:18  Supply Depot  
  13  0:21  SCV  
  14  0:28  Refinery  
  14  0:33  SCV  
  15  0:45  Barracks  
  15  0:54  Supply Depot  
  15  1:11  Refinery, SCV  
  16  1:23  SCV  
  17  1:35  SCV  
  17  1:38  Factory  
  18  1:44  Marine  
  19  1:56  Orbital Command  
  19  2:01  Marine  
  20  2:22  SCV  
  21  2:34  Starport, SCV  
  22  2:39  Marine  
  23  2:46  SCV  
  24  2:57  Marine  
  25  2:58  SCV  
  26  3:09  Engineering Bay  
  26  3:11  SCV  
  27  3:23  SCV  
  27  3:38  Fusion Core  
  27  3:47  Starport Tech Lab  
  27  4:14  Barracks Tech Lab  
  27  4:23  Command Center  
  27  4:31  Battlecruiser  
  33  4:52  Factory Tech Lab  
  33  5:05  Armory  
  33  5:15  Missile Turret  
  33  5:36  Supply Depot  
  33  5:59  Supply Depot  
  33  6:22  Supply Depot  
  33  6:55  Marine  
  33  6:59  Thor  
  40  7:13  Marine  
  40  7:15  SCV  
  42  7:20  SCV  
  43  7:27  SCV  
  44  7:31  Marine  
  44  7:32  SCV  
  46  7:39  SCV  
  46  7:42  Thor  
  53  7:44  SCV  
  53  7:49  Marine  
  55  7:51  SCV  
  55  7:56  SCV  
  55  7:58  Terran Vehicle And Ship Armor Level 1  
  57  8:04  SCV, Armory  
  58  8:07  Marine  
  58  8:08  SCV  
  60  8:25  Thor  
  66  8:42  Battlecruiser  
  66  8:48  Refinery  
  72  8:49  Refinery  
  72  8:51  SCV  
  73  8:56  SCV  
  74  9:03  SCV  
  74  9:08  SCV, Thor  
  81  9:15  SCV  
  82  9:20  SCV  
  83  9:27  SCV  
  84  9:32  SCV  
  85  9:39  SCV  
  85  9:44  SCV  
  87  9:48  Marine  
  87  9:50  Factory  
Show
View Real Time Build Order
Export as new Build Order

Massa Terran 

Build Orders:  

Get SALT Encoding   

  12  0:09  Supply Depot  
  12  0:13  SCV  
  13  0:25  SCV  
  14  0:33  Barracks  
  14  0:39  SCV  
  15  0:48  Supply Depot  
  15  0:51  SCV  
  16  1:02  Refinery  
  16  1:03  SCV  
  17  1:20  Refinery  
  17  1:25  Marine  
  18  1:29  SCV  
  19  1:41  SCV  
  19  1:45  Reaper  
  21  1:53  SCV  
  22  1:57  Barracks  
  22  2:05  SCV  
  23  2:17  Reaper, SCV  
  23  2:18  Factory  
  25  2:40  Command Center  
  25  2:43  SCV  
  26  2:47  Marine  
  27  2:58  Barracks Tech Lab  
  27  3:05  Marine  
  27  3:06  Factory Tech Lab  
  27  3:11  Orbital Command  
  28  3:23  Marine  
  28  3:37  Siege Tank  
  30  3:46  Supply Depot  
  30  3:47  SCV  
  31  4:09  SCV, Siege Tank, Supply Depot  
  35  4:16  Barracks Reactor  
  35  4:17  Marauder  
  35  4:22  SCV  
  38  4:29  Engineering Bay  
  38  4:31  Supply Depot  
  38  4:34  SCV  
  39  4:39  Marauder  
  39  4:41  SCV  
  42  4:46  SCV  
  43  4:53  SCV  
  43  4:56  Engineering Bay  
  43  4:58  SCV  
  45  5:03  Marine  
  45  5:04  Marauder, Marine  
  45  5:06  SCV  
  50  5:10  SCV  
  50  5:12  Missile Turret  
  51  5:17  Sensor Tower  
  51  5:18  SCV  
  51  5:19  Terran Infantry Weapons Level 1  
  52  5:25  Marauder  
  52  5:26  Missile Turret  
  54  5:29  SCV, Missile Turret  
  54  5:30  SCV  
  54  5:33  Missile Turret  
  56  5:41  SCV  
  56  5:42  SCV  
  58  5:49  Missile Turret  
  58  5:55  Terran Infantry Armor Level 1  
  58  6:00  Armory  
  58  6:08  Missile Turret  
  55  6:17  Marine x3  
  48  6:35  Marine x3  
  48  6:39  Missile Turret  
  50  6:42  Missile Turret  
  50  6:45  Missile Turret  
  47  6:50  Cyclone  
  47  6:53  Marine x3  
  53  6:55  Missile Turret  
  53  7:00  Missile Turret  
  51  7:11  Marine x3  
  49  7:16  Missile Turret  
  40  7:37  Missile Turret  
  40  7:40  Missile Turret x2  
  40  7:42  Marine x2  
  42  7:47  Missile Turret  
  42  7:49  Marine  
  42  7:51  Cyclone  
  45  7:53  SCV  
  45  7:57  Missile Turret  
  46  8:00  Marine  
  46  8:05  SCV  
  47  8:07  Marine  
  47  8:11  Marine  
  47  8:17  SCV  
  47  8:18  Marine  
  49  8:21  Missile Turret  
  49  8:29  SCV, Missile Turret  
  50  8:41  SCV, Missile Turret  
  51  8:44  Command Center  
  51  8:48  Missile Turret  
  51  8:53  SCV  
  52  9:01  Missile Turret  
  52  9:10  SCV x2  
  52  9:15  Siege Tank  
  57  9:22  SCV x2  
  57  9:23  Marine x3  
  62  9:30  Barracks  
  62  9:35  Orbital Command  
  62  9:45  Missile Turret  
  62  9:47  Supply Depot  
  62  9:56  SCV  
  66  10:10  Missile Turret  
Tags
 
League
Gold
Matchup
TvT
Race
Terran
Replay Pack
Multiplayer
Spawn Locations
Close Positions
Add a new tag
Caveats
  • Supply blocks, unpowered buildings, or Contaminate may cause inaccurate times.
  • Supply counts are checked every 10 seconds.